Panthers vs Lightning (R1)

Created - March 8, 2022 at 19:07

Goals
1 2 3 T
Panthers 0 1 0 1
Lightning 0 2 3 5
Shots
1 2 3 T
Panthers 7 11 3 21
Lightning 9 10 13 32

1st period

No Goal

Penalties :
Kyle Clifford (T.B) for Holding (Minor) at 11:53, Kyle Clifford (T.B) for Holding Stick (Minor) at 15:41

2nd period

1. Lightning , Kyle Clifford 22 (Nick Bjugstad 12, Justin Schultz 7) at 12:47
2. Lightning , Jimmy Vesey 10 (Nikolaj Ehlers 4, Sergei Shirokov 5) at 14:48
3. Panthers , Matt Duchene 23 (Alex Galchenyuk 24) at 18:29

Penalties :
Joni Pitkanen (T.B) for Delaying the game (Minor) at 6:21, Joni Pitkanen (T.B) for High sticking (Minor) at 15:22

3rd period

4. Lightning , Brandon Sutter 7 (Shayne Gostisbehere 14, Kevin Shattenkirk 25) at 0:42
5. Lightning , Joni Pitkanen 2 (Mark Scheifele 28, Derek Meech 4) at 8:59
6. Lightning , Ondrej Palat 7 (Oscar Sundqvist 8, Jesper Fast 5) at 17:45

Penalties :
Sergei Shirokov (T.B) for Holding (Minor) at 4:10, Matt Duchene (Flo) for Slashing (Minor) at 10:03, Jonathan Sigalet (Flo) for Slashing (Minor) at 13:37, Dany Heatley (Flo) for Hooking (Minor) at 15:17, Erik Gudbranson (Flo) for Hooking (Minor) at 19:34

Goalie Stats

Petr Mrazek (Flo), 27 saves from 32 shots - (0.844), L, 20-7-4, 60:00 minutes
Alex Nedeljkovic (T.B), 20 saves from 21 shots - (0.952), W, 7-6-0, 60:00 minutes

Players Stats for Panthers

Player Name              G  A  P  +/- PIM S  H  SB GA TA FO     MP     PP MP  PK MP  
------------------------------------------------------------------------------------
Alex Galchenyuk          0  1  1   0  0   1  1  0  2  0  0/0    20:54   5:15   0:53 
Dalton Prout             0  0  0  -1  0   0  0  1  0  0  0/0    19:16   4:49   2:20 
Dany Heatley             0  0  0   0  2   1  1  0  0  0  0/0     8:24   0:01   0:31 
Daultan Leveillé         0  0  0   0  0   1  0  0  0  1  3/4     7:31   0:00   0:34 
Drew Stafford            0  0  0   0  0   3  1  1  0  0  0/0    11:09   0:01   3:51 
Erik Gudbranson          0  0  0  -2  2   2  2  4  0  0  0/0    27:34   5:06   3:43 
Jake Gardiner            0  0  0  -1  0   0  0  2  0  0  0/0    21:51   4:49   4:08 
Jonathan Drouin          0  0  0  -2  0   2  1  0  1  0  0/0    10:39   0:01   0:00 
Jonathan Sigalet         0  0  0  -1  2   1  2  2  0  0  0/0    13:19   0:00   0:11 
Josh Gorges              0  0  0  -1  0   2  1  1  0  0  0/0    15:27   0:00   1:55 
Matt Duchene             1  0  1   0  2   1  1  0  2  0  17/32  21:06   5:15   0:31 
Max Reinhart             0  0  0  -2  0   0  1  0  2  0  4/11   14:25   0:00   4:07 
Nail Yakupov             0  0  0  -2  0   0  1  0  0  0  0/0    10:18   0:00   0:00 
Oscar Klefbom            0  0  0  -2  0   2  4  1  0  0  0/0    22:42   5:06   0:00 
Ryan O'Reilly            0  0  0  -2  0   3  3  0  0  0  2/6    17:28   4:39   1:08 
Teuvo Teravainen         0  0  0  -2  0   2  0  0  1  0  1/3    15:45   4:39   0:00 
Tobias Rieder            0  0  0  -2  0   0  1  0  0  1  0/0    15:45   4:39   0:00 
Tyler Toffoli            0  0  0   0  0   0  0  0  1  0  1/1    20:01   5:15   0:00 

Players Stats for Lightning

Player Name              G  A  P  +/- PIM S  H  SB GA TA FO     MP     PP MP  PK MP  
------------------------------------------------------------------------------------
Brandon Sutter           1  0  1   2  0   3  0  0  1  0  2/8    15:40   0:00   3:28 
Brayden Point            0  0  0   1  0   1  3  0  0  1  3/6    11:00   2:28   0:00 
Brent Seabrook           0  0  0   2  0   1  1  1  1  1  0/0    20:25   0:00   5:21 
Conor Sheary             0  0  0   2  0   2  4  0  0  0  0/0    16:35   0:00   3:32 
Derek Meech              0  1  1   1  0   0  0  0  0  1  0/0    14:58   0:00   2:13 
Jesper Fast              0  1  1   1  0   0  0  0  0  0  0/0     7:30   0:00   0:00 
Jimmy Vesey              1  0  1   1  0   2  1  0  0  0  0/1    14:44   2:28   2:44 
Joni Pitkanen            1  0  1   1  4   1  1  2  0  1  0/0    16:42   2:04   2:21 
Justin Schultz           0  1  1   2  0   4  1  3  0  1  0/0    22:15   2:04   4:10 
Kevin Shattenkirk        0  1  1   1  0   5  0  1  0  1  0/0    26:25   3:59   5:45 
Kyle Clifford            1  0  1   0  4   5  3  0  0  1  2/3    21:22   3:35   2:50 
Mark Scheifele           0  1  1   0  0   4  1  0  0  0  16/30  23:28   3:35   5:07 
Nick Bjugstad            0  1  1   0  0   2  1  0  0  1  4/6    18:21   3:35   0:00 
Nikolaj Ehlers           0  1  1   1  0   0  0  0  0  0  0/0    11:00   2:28   0:00 
Ondrej Palat             1  0  1   1  0   1  1  0  0  0  0/0     7:33   0:00   0:03 
Oscar Sundqvist          0  1  1   1  0   0  0  0  0  0  2/3     7:30   0:00   0:00 
Sergei Shirokov          0  1  1   2  2   1  3  0  0  0  0/0    14:17   0:00   2:06 
Shayne Gostisbehere      0  1  1   1  0   0  2  1  0  1  0/0    20:15   3:59   0:00 

3 Stars

1 - Brandon Sutter (T.B)
2 - Jimmy Vesey (T.B)
3 - Ondrej Palat (T.B)

Power Play

Panthers - 0 on 5 Attempt(s) - 0.00%
Lightning - 0 on 4 Attempt(s) - 0.00%

Penalty Kill

Panthers - 4 on 4 Attempt(s) - 100.00% - Score 0 goal in Penalty Kill
Lightning - 5 on 5 Attempt(s) - 100.00% - Score 0 goal in Penalty Kill

Team Stat

Panthers - Hits : 20 - Faceoff Wins : 28 - Blocked Shots : 12 - Penalty Minutes : 8
Lightning - Hits : 22 - Faceoff Wins : 29 - Blocked Shots : 8 - Penalty Minutes : 10

Official

Referees : Kevin Pollock and Chris Schlenker
Linesman : Ryan Gibbons and Bevan Mills

Game Notes

No Game Note

Finance

Level 1 -- Attendance: 5542 (92.37%) -- Ticket Income $554,200
Level 2 -- Attendance: 5000 (100.00%) -- Ticket Income $300,000
Level 3 -- Attendance: 1987 (99.35%) -- Ticket Income $69,545
Level 4 -- Attendance: 4000 (100.00%) -- Ticket Income $100,000
Luxury Box -- Attendance: 936 (93.60%) -- Ticket Income $187,200
Game was played at the Amalie Arena.
Total Attendance: 17465 (97.03%)
Total Ticket Income: $1,210,945
Other Income: $181,642
Total Income: $1,392,587

Panthers

5 vs 5 Forward 
   Center                   Left Wing                Right Wing               Time % Phy DF OF 
 1 Matt Duchene             Alex Galchenyuk          Tyler Toffoli            40     0   2  3  
 2 Ryan O'Reilly            Tobias Rieder            Teuvo Teravainen         30     0   2  3  
 3 Max Reinhart             Jonathan Drouin          Nail Yakupov             20     0   2  3  
 4 Daultan Leveillé         Dany Heatley             Drew Stafford            10     1   2  2  

5 vs 5 Defense 
   Defense                  Defense                                           Time % Phy DF OF 
 1 Erik Gudbranson          Oscar Klefbom                                     40     0   2  3  
 2 Jake Gardiner            Dalton Prout                                      30     0   2  3  
 3 Jonathan Sigalet         Josh Gorges                                       20     1   2  2  
 4 Erik Gudbranson          Jake Gardiner                                     10     1   2  2  

PowerPlay Forward 
   Center                   Left Wing                Right Wing               Time % Phy DF OF 
 1 Matt Duchene             Alex Galchenyuk          Tyler Toffoli            60     0   1  4  
 2 Ryan O'Reilly            Tobias Rieder            Teuvo Teravainen         40     0   1  4  

PowerPlay Defense
   Defense                  Defense                                           Time % Phy DF OF 
 1 Erik Gudbranson          Oscar Klefbom                                     60     0   2  3  
 2 Jake Gardiner            Dalton Prout                                      40     0   2  3  

Penalty Kill 4 Players Forward 
   Center                   Wing                     Time % Phy DF OF 
 1 Max Reinhart             Drew Stafford            60     0   4  1  
 2 Ryan O'Reilly            Dany Heatley             40     0   4  1  

Penalty Kill 4 Players Defense
   Defense                  Defense                  Time % Phy DF OF 
 1 Erik Gudbranson          Jake Gardiner            60     1   4  0  
 2 Dalton Prout             Josh Gorges              40     1   4  0  

Penalty Kill - 3 Players Forward 
   Forward                                           Time % Phy DF OF 
 1 Max Reinhart                                      60     0   4  1  
 2 Drew Stafford                                     40     0   4  1  

Penalty Kill - 3 Players Defense
   Defense                  Defense                  Time % Phy DF OF 
 1 Erik Gudbranson          Jake Gardiner            60     1   4  0  
 2 Dalton Prout             Josh Gorges              40     1   4  0  

4 vs 4 Forward 
   Center                   Wing                     Time % Phy DF OF 
 1 Matt Duchene             Alex Galchenyuk          60     1   2  2  
 2 Ryan O'Reilly            Tyler Toffoli            40     1   2  2  

4 vs 4 Defense
   Defense                  Defense                  Time % Phy DF OF 
 1 Erik Gudbranson          Oscar Klefbom            60     1   2  2  
 2 Jake Gardiner            Dalton Prout             40     1   2  2  

Last Minutes Offensive
   Center                   Left Wing                Right Wing               Defense                  Defense                  
   Matt Duchene             Alex Galchenyuk          Tyler Toffoli            Erik Gudbranson          Jake Gardiner            

Last Minutes Defensive
   Center                   Left Wing                Right Wing               Defense                  Defense                  
   Max Reinhart             Alex Galchenyuk          Drew Stafford            Erik Gudbranson          Jake Gardiner            

Goaltenders
Starting : Petr Mrazek              
Backup : Tyler Weiman             

Extra Forwards
Normal : Teuvo Teravainen, Alex Galchenyuk, Tyler Toffoli - PP : Jonathan Drouin, Alex Galchenyuk - PK : Matt Duchene
Extra Defensemen
Normal : Jake Gardiner, Erik Gudbranson, Oscar Klefbom - PP : Jonathan Sigalet - PK : Dalton Prout, Erik Gudbranson
Penalty Shots
Alex Galchenyuk, Teuvo Teravainen, Ryan O'Reilly, Matt Duchene, Tyler Toffoli

Scratches
None

Lightning

5 vs 5 Forward 
   Center                   Left Wing                Right Wing               Time % Phy DF OF 
 1 Mark Scheifele           Kyle Clifford            Nick Bjugstad            40     1   2  2  
 2 Brandon Sutter           Sergei Shirokov          Conor Sheary             30     1   2  2  
 3 Brayden Point            Jimmy Vesey              Nikolaj Ehlers           20     1   2  2  
 4 Oscar Sundqvist          Ondrej Palat             Jesper Fast              10     1   2  2  

5 vs 5 Defense 
   Defense                  Defense                                           Time % Phy DF OF 
 1 Kevin Shattenkirk        Shayne Gostisbehere                               40     1   2  2  
 2 Justin Schultz           Brent Seabrook                                    30     1   2  2  
 3 Joni Pitkanen            Derek Meech                                       20     1   2  2  
 4 Kevin Shattenkirk        Shayne Gostisbehere                               10     1   2  2  

PowerPlay Forward 
   Center                   Left Wing                Right Wing               Time % Phy DF OF 
 1 Mark Scheifele           Kyle Clifford            Nick Bjugstad            60     1   2  2  
 2 Brayden Point            Jimmy Vesey              Nikolaj Ehlers           40     1   2  2  

PowerPlay Defense
   Defense                  Defense                                           Time % Phy DF OF 
 1 Kevin Shattenkirk        Shayne Gostisbehere                               60     1   2  2  
 2 Justin Schultz           Joni Pitkanen                                     40     1   2  2  

Penalty Kill 4 Players Forward 
   Center                   Wing                     Time % Phy DF OF 
 1 Mark Scheifele           Kyle Clifford            60     1   2  2  
 2 Brandon Sutter           Sergei Shirokov          40     1   2  2  

Penalty Kill 4 Players Defense
   Defense                  Defense                  Time % Phy DF OF 
 1 Kevin Shattenkirk        Brent Seabrook           60     1   2  2  
 2 Justin Schultz           Joni Pitkanen            40     1   2  2  

Penalty Kill - 3 Players Forward 
   Forward                                           Time % Phy DF OF 
 1 Mark Scheifele                                    60     1   2  2  
 2 Brandon Sutter                                    40     1   2  2  

Penalty Kill - 3 Players Defense
   Defense                  Defense                  Time % Phy DF OF 
 1 Kevin Shattenkirk        Brent Seabrook           60     1   2  2  
 2 Justin Schultz           Joni Pitkanen            40     1   2  2  

4 vs 4 Forward 
   Center                   Wing                     Time % Phy DF OF 
 1 Mark Scheifele           Kyle Clifford            60     1   2  2  
 2 Brandon Sutter           Nick Bjugstad            40     1   2  2  

4 vs 4 Defense
   Defense                  Defense                  Time % Phy DF OF 
 1 Kevin Shattenkirk        Shayne Gostisbehere      60     1   2  2  
 2 Justin Schultz           Joni Pitkanen            40     1   2  2  

Last Minutes Offensive
   Center                   Left Wing                Right Wing               Defense                  Defense                  
   Mark Scheifele           Kyle Clifford            Nick Bjugstad            Kevin Shattenkirk        Shayne Gostisbehere      

Last Minutes Defensive
   Center                   Left Wing                Right Wing               Defense                  Defense                  
   Mark Scheifele           Kyle Clifford            Nick Bjugstad            Kevin Shattenkirk        Brent Seabrook           

Goaltenders
Starting : Alex Nedeljkovic         
Backup : Jimmy Howard             

Extra Forwards
Normal : Brayden Point, Nikolaj Ehlers, Conor Sheary - PP : Oscar Sundqvist, Ondrej Palat - PK : Conor Sheary
Extra Defensemen
Normal : Shayne Gostisbehere, Derek Meech, Justin Schultz - PP : Shayne Gostisbehere - PK : Derek Meech, Justin Schultz
Penalty Shots
Kyle Clifford, Mark Scheifele, Brandon Sutter, Sergei Shirokov, Nick Bjugstad

Scratches
Alex Killorn (Healthy), Cody Goloubef (Broken Left Index Finger Injury), Erik Christensen (Healthy), James Neal (Healthy), Roman Josi (Healthy)

% Time on Ice - Panthers

Lines # - Real PCT - Wanted PCT - Time Play
Normal Forward
1 - 34% - 40% - 15:06
2 - 27% - 30% - 11:41
3 - 23% - 20% - 10:18
4 - 16% - 10% - 6:57
Normal Defense
1 - 40% - 40% - 17:36
2 - 28% - 30% - 12:07
3 - 30% - 20% - 13:09
4 - 3% - 10% - 1:10
PP Forward
1 - 53% - 60% - 5:16
2 - 47% - 40% - 4:39
PP Defense
1 - 51% - 60% - 5:06
2 - 49% - 40% - 4:49
PK Forward
1 - 80% - 60% - 4:36
2 - 20% - 40% - 1:08
PK Defense
1 - 67% - 60% - 3:49
2 - 33% - 40% - 1:55
PK3 Forward
1 - 100% - 60% - 0:19
2 - 0% - 40% - 0:00
PK3 Defense
1 - 100% - 60% - 0:19
2 - 0% - 40% - 0:00
44 Forward
1 - 0% - 60%
2 - 0% - 40%
44 Defense
1 - 0% - 60%
2 - 0% - 40%
Last Minute Offensive  - 0:00
Last Minute Defensive  - 0:00
Total
Forward - 60:00
Defense - 60:00

% Time on Ice - Lightning

Lines # - Real PCT - Wanted PCT - Time Play
Normal Forward
1 - 36% - 40% - 15:48
2 - 28% - 30% - 12:12
3 - 19% - 20% - 8:32
4 - 17% - 10% - 7:30
Normal Defense
1 - 36% - 40% - 15:46
2 - 38% - 30% - 16:48
3 - 24% - 20% - 10:35
4 - 2% - 10% - 0:53
PP Forward
1 - 59% - 60% - 3:35
2 - 41% - 40% - 2:28
PP Defense
1 - 66% - 60% - 3:59
2 - 34% - 40% - 2:04
PK Forward
1 - 71% - 60% - 7:05
2 - 29% - 40% - 2:50
PK Defense
1 - 56% - 60% - 5:35
2 - 44% - 40% - 4:20
PK3 Forward
1 - 0% - 60%
2 - 0% - 40%
PK3 Defense
1 - 0% - 60%
2 - 0% - 40%
44 Forward
1 - 0% - 60%
2 - 0% - 40%
44 Defense
1 - 0% - 60%
2 - 0% - 40%
Last Minute Offensive  - 0:00
Last Minute Defensive  - 0:00
Total
Forward - 60:00
Defense - 60:00

Play-by-Play

1st period


0:01 of 1st period - Matt Duchene wins face-off versus Mark Scheifele in neutral zone.
0:26 of 1st period - Erik Gudbranson is hit by Conor Sheary and loses puck.
0:35 of 1st period - Wrist shot by Brandon Sutter.
0:35 of 1st period - Stopped by Petr Mrazek without a rebound.
0:36 of 1st period - Brayden Point wins face-off versus Max Reinhart in Panthers zone.
0:41 of 1st period - Backhand shot by Jimmy Vesey.
0:41 of 1st period - Shot Misses the Net.
0:49 of 1st period - Snap shot by Max Reinhart.
0:49 of 1st period - Deflect By Brent Seabrook.
0:49 of 1st period - Shot Blocked by Brent Seabrook.
0:49 of 1st period - Puck is out of play.
0:50 of 1st period - Daultan Leveillé wins face-off versus Oscar Sundqvist in Lightning zone.
0:51 of 1st period - Snap shot by Drew Stafford.
0:51 of 1st period - Stopped by Alex Nedeljkovic without a rebound.
0:52 of 1st period - Oscar Sundqvist wins face-off versus Daultan Leveillé in Lightning zone.
1:01 of 1st period - Snap shot by Drew Stafford.
1:01 of 1st period - Shot Blocked by Joni Pitkanen.
1:03 of 1st period - Slapshot by Josh Gorges.
1:03 of 1st period - Stopped by Alex Nedeljkovic without a rebound.
1:04 of 1st period - Mark Scheifele wins face-off versus Matt Duchene in Lightning zone.
1:30 of 1st period - Erik Gudbranson is hit by Sergei Shirokov and loses puck.
1:56 of 1st period - Jimmy Vesey is hit by Jonathan Sigalet.
2:20 of 1st period - Slapshot by Jonathan Sigalet.
2:20 of 1st period - Shot Blocked by Justin Schultz.
3:39 of 1st period - Slapshot by Drew Stafford.
3:39 of 1st period - Shot Blocked by Joni Pitkanen.
3:45 of 1st period - Wrist shot by Drew Stafford.
3:45 of 1st period - Shot Misses the Net.
3:47 of 1st period - Slapshot by Oscar Klefbom.
3:47 of 1st period - Deflect By Joni Pitkanen.
3:47 of 1st period - Stopped by Alex Nedeljkovic without a rebound.
3:48 of 1st period - Matt Duchene wins face-off versus Mark Scheifele in Lightning zone.
4:02 of 1st period - Icing by Nick Bjugstad.
4:03 of 1st period - Ryan O'Reilly wins face-off versus Mark Scheifele in Lightning zone.
4:34 of 1st period - Erik Gudbranson is hit by Brent Seabrook.
5:49 of 1st period - Jonathan Drouin is hit by Ondrej Palat and loses puck.
6:27 of 1st period - Wrist shot by Dany Heatley.
6:27 of 1st period - Shot Misses the Net.
6:29 of 1st period - Wrist shot by Daultan Leveillé.
6:29 of 1st period - Stopped by Alex Nedeljkovic with a rebound.
7:44 of 1st period - Slapshot by Nick Bjugstad.
7:44 of 1st period - Shot Blocked by Josh Gorges.
7:46 of 1st period - Wrist shot by Nick Bjugstad.
7:46 of 1st period - Shot Hit the Post.
8:04 of 1st period - Slapshot by Ondrej Palat.
8:04 of 1st period - Shot Misses the Net.
8:06 of 1st period - Slapshot by Shayne Gostisbehere.
8:06 of 1st period - Shot Misses the Net.
9:08 of 1st period - Slapshot by Brandon Sutter.
9:08 of 1st period - Stopped by Petr Mrazek with a rebound.
9:10 of 1st period - Snap shot by Sergei Shirokov.
9:10 of 1st period - Shot Blocked by Erik Gudbranson.
9:33 of 1st period - Icing by Shayne Gostisbehere.
9:34 of 1st period - Oscar Sundqvist wins face-off versus Ryan O'Reilly in Lightning zone.
10:06 of 1st period - Wrist shot by Kyle Clifford.
10:06 of 1st period - Stopped by Petr Mrazek with a rebound.
10:08 of 1st period - Wrist shot by Kyle Clifford.
10:08 of 1st period - Stopped by Petr Mrazek without a rebound.
10:09 of 1st period - Mark Scheifele wins face-off versus Matt Duchene in Panthers zone.
10:10 of 1st period - Snap shot by Kyle Clifford.
10:10 of 1st period - Stopped by Petr Mrazek without a rebound.
10:11 of 1st period - Mark Scheifele wins face-off versus Matt Duchene in Panthers zone.
10:16 of 1st period - Wrist shot by Mark Scheifele.
10:16 of 1st period - Stopped by Petr Mrazek with a rebound.
10:18 of 1st period - Wrist shot by Brent Seabrook.
10:18 of 1st period - Shot Blocked by Erik Gudbranson.
10:20 of 1st period - Snap shot by Kyle Clifford.
10:20 of 1st period - Shot Misses the Net.
10:22 of 1st period - Backhand shot by Justin Schultz.
10:22 of 1st period - Stopped by Petr Mrazek with a rebound.
10:24 of 1st period - Snap shot by Nick Bjugstad.
10:24 of 1st period - Stopped by Petr Mrazek without a rebound.
10:25 of 1st period - Kyle Clifford wins face-off versus Matt Duchene in Panthers zone.
10:26 of 1st period - Snap shot by Kevin Shattenkirk.
10:26 of 1st period - Stopped by Petr Mrazek with a rebound.
10:30 of 1st period - Wrist shot by Kyle Clifford.
10:30 of 1st period - Shot Misses the Net.
10:52 of 1st period - Brandon Sutter is hit by Ryan O'Reilly and loses puck.
11:38 of 1st period - Wrist shot by Drew Stafford.
11:38 of 1st period - Stopped by Alex Nedeljkovic without a rebound.
11:39 of 1st period - Daultan Leveillé wins face-off versus Mark Scheifele in Lightning zone.
11:39 of 1st period - Jake Gardiner is hit by Shayne Gostisbehere and loses puck.
11:53 of 1st period - Minor Penalty to Kyle Clifford for Holding.
11:54 of 1st period - Matt Duchene wins face-off versus Mark Scheifele in Lightning zone.
12:22 of 1st period - Snap shot by Alex Galchenyuk.
12:22 of 1st period - Deflect By Ryan O'Reilly.
12:22 of 1st period - Shot Misses the Net.
12:22 of 1st period - Puck is out of play.
12:23 of 1st period - Mark Scheifele wins face-off versus Ryan O'Reilly in Lightning zone.
12:40 of 1st period - Snap shot by Ryan O'Reilly.
12:40 of 1st period - Shot Blocked by Justin Schultz.
13:47 of 1st period - Oscar Klefbom is hit by Sergei Shirokov.
13:53 of 1st period - Penalty to Kyle Clifford is over, Kyle Clifford is back on ice.
14:09 of 1st period - Snap shot by Ondrej Palat.
14:09 of 1st period - Shot Hit the Post.
14:11 of 1st period - Slapshot by Derek Meech.
14:11 of 1st period - Shot Misses the Net.
14:27 of 1st period - Slapshot by Oscar Klefbom.
14:27 of 1st period - Deflect By Mark Scheifele.
14:27 of 1st period - Stopped by Alex Nedeljkovic without a rebound.
14:28 of 1st period - Brandon Sutter wins face-off versus Ryan O'Reilly in Lightning zone.
14:35 of 1st period - Snap shot by Sergei Shirokov.
14:35 of 1st period - Shot Misses the Net.
15:17 of 1st period - Wrist shot by Drew Stafford.
15:17 of 1st period - Deflect By Daultan Leveillé.
15:17 of 1st period - Shot Misses the Net.
15:17 of 1st period - Puck is out of play.
15:18 of 1st period - Daultan Leveillé wins face-off versus Nick Bjugstad in Lightning zone.
15:23 of 1st period - Wrist shot by Drew Stafford.
15:23 of 1st period - Shot Misses the Net.
15:25 of 1st period - Wrist shot by Dany Heatley.
15:25 of 1st period - Stopped by Alex Nedeljkovic with a rebound.
15:27 of 1st period - Slapshot by Josh Gorges.
15:27 of 1st period - Shot Misses the Net.
15:41 of 1st period - Minor Penalty to Kyle Clifford for Holding Stick.
15:42 of 1st period - Mark Scheifele wins face-off versus Matt Duchene in Lightning zone.
15:57 of 1st period - Snap shot by Tyler Toffoli.
15:57 of 1st period - Shot Misses the Net.
15:59 of 1st period - Snap shot by Alex Galchenyuk.
15:59 of 1st period - Shot Misses the Net.
16:18 of 1st period - Brandon Sutter is hit by Tobias Rieder and loses puck.
17:41 of 1st period - Penalty to Kyle Clifford is over, Kyle Clifford is back on ice.
18:17 of 1st period - Daultan Leveillé is hit by Kyle Clifford and loses puck.
18:28 of 1st period - Daultan Leveillé is hit by Brayden Point.
18:51 of 1st period - Josh Gorges is hit by Conor Sheary and loses puck.
19:11 of 1st period - Brandon Sutter is hit by Matt Duchene.
19:15 of 1st period - Brent Seabrook is hit by Erik Gudbranson and loses puck.
Goals for this period are 0 for Panthers vs 0 for Lightning.
Shots for this period are 7 for Panthers vs 9 for Lightning.

2nd period


0:01 of 2nd period - Matt Duchene wins face-off versus Mark Scheifele in neutral zone.
0:01 of 2nd period - Jake Gardiner is hit by Kyle Clifford and loses puck.
0:08 of 2nd period - Slapshot by Kevin Shattenkirk.
0:08 of 2nd period - Deflect By Matt Duchene.
0:08 of 2nd period - Stopped by Petr Mrazek with a rebound.
0:10 of 2nd period - Snap shot by Kevin Shattenkirk.
0:10 of 2nd period - Shot Blocked by Jake Gardiner.
0:14 of 2nd period - Snap shot by Mark Scheifele.
0:14 of 2nd period - Stopped by Petr Mrazek with a rebound.
0:16 of 2nd period - Snap shot by Shayne Gostisbehere.
0:16 of 2nd period - Shot Blocked by Dalton Prout.
0:26 of 2nd period - Matt Duchene is hit by Brayden Point and loses puck.
1:43 of 2nd period - Slapshot by Erik Gudbranson.
1:43 of 2nd period - Shot Misses the Net.
1:45 of 2nd period - Snap shot by Jonathan Drouin.
1:45 of 2nd period - Stopped by Alex Nedeljkovic with a rebound.
2:17 of 2nd period - Shayne Gostisbehere is hit by Ryan O'Reilly and loses puck.
2:36 of 2nd period - Nail Yakupov is hit by Nick Bjugstad and loses puck.
2:52 of 2nd period - Icing by Erik Gudbranson.
2:53 of 2nd period - Brandon Sutter wins face-off versus Teuvo Teravainen in Panthers zone.
3:16 of 2nd period - Snap shot by Jonathan Drouin.
3:16 of 2nd period - Stopped by Alex Nedeljkovic with a rebound.
3:55 of 2nd period - Kevin Shattenkirk is hit by Jonathan Sigalet and loses puck.
4:12 of 2nd period - Slapshot by Drew Stafford.
4:12 of 2nd period - Shot Misses the Net.
4:14 of 2nd period - Snap shot by Ryan O'Reilly.
4:14 of 2nd period - Stopped by Alex Nedeljkovic with a rebound.
4:16 of 2nd period - Snap shot by Josh Gorges.
4:16 of 2nd period - Stopped by Alex Nedeljkovic with a rebound.
4:18 of 2nd period - Wrist shot by Ryan O'Reilly.
4:18 of 2nd period - Stopped by Alex Nedeljkovic with a rebound.
4:20 of 2nd period - Snap shot by Teuvo Teravainen.
4:20 of 2nd period - Stopped by Alex Nedeljkovic with a rebound.
4:22 of 2nd period - Wrist shot by Jonathan Sigalet.
4:22 of 2nd period - Deflect By Ryan O'Reilly.
4:22 of 2nd period - Stopped by Alex Nedeljkovic without a rebound.
4:23 of 2nd period - Matt Duchene wins face-off versus Brayden Point in Lightning zone.
4:32 of 2nd period - Snap shot by Alex Galchenyuk.
4:32 of 2nd period - Stopped by Alex Nedeljkovic with a rebound.
4:34 of 2nd period - Snap shot by Erik Gudbranson.
4:34 of 2nd period - Stopped by Alex Nedeljkovic without a rebound.
4:35 of 2nd period - Mark Scheifele wins face-off versus Matt Duchene in Lightning zone.
5:25 of 2nd period - Wrist shot by Jimmy Vesey.
5:25 of 2nd period - Deflect By Brayden Point.
5:25 of 2nd period - Stopped by Petr Mrazek with a rebound.
5:27 of 2nd period - Slapshot by Kevin Shattenkirk.
5:27 of 2nd period - Stopped by Petr Mrazek without a rebound.
5:28 of 2nd period - Brayden Point wins face-off versus Matt Duchene in Panthers zone.
5:33 of 2nd period - Backhand shot by Jimmy Vesey.
5:33 of 2nd period - Shot Misses the Net.
6:21 of 2nd period - Minor Penalty to Joni Pitkanen for Delaying the game.
6:22 of 2nd period - Mark Scheifele wins face-off versus Matt Duchene in Lightning zone.
6:22 of 2nd period - Mark Scheifele is hit by Oscar Klefbom.
6:32 of 2nd period - Alex Galchenyuk is hit by Mark Scheifele and loses puck.
8:21 of 2nd period - Penalty to Joni Pitkanen is over, Joni Pitkanen is back on ice.
8:36 of 2nd period - Jimmy Vesey is hit by Jonathan Drouin and loses puck.
9:24 of 2nd period - Daultan Leveillé is hit by Brayden Point and loses puck.
9:44 of 2nd period - Mark Scheifele is hit by Erik Gudbranson and loses puck.
9:57 of 2nd period - Brent Seabrook is hit by Oscar Klefbom and loses puck.
10:02 of 2nd period - Snap shot by Max Reinhart.
10:02 of 2nd period - Shot Misses the Net.
11:10 of 2nd period - Kevin Shattenkirk is hit by Dany Heatley and loses puck.
11:37 of 2nd period - Ryan O'Reilly is hit by Sergei Shirokov and loses puck.
12:01 of 2nd period - Off-side.
12:02 of 2nd period - Mark Scheifele wins face-off versus Matt Duchene in neutral zone.
12:26 of 2nd period - Josh Gorges is hit by Joni Pitkanen and loses puck.
12:31 of 2nd period - Wrist shot by Mark Scheifele.
12:31 of 2nd period - Shot Misses the Net.
12:33 of 2nd period - Wrist shot by Mark Scheifele.
12:33 of 2nd period - Stopped by Petr Mrazek with a rebound.
12:35 of 2nd period - Wrist shot by Brent Seabrook.
12:35 of 2nd period - Deflect By Tyler Toffoli.
12:35 of 2nd period - Stopped by Petr Mrazek with a rebound.
12:37 of 2nd period - Wrist shot by Kyle Clifford.
12:37 of 2nd period - Shot Misses the Net.
12:47 of 2nd period - Snap shot by Kyle Clifford.
12:47 of 2nd period - Goal by Kyle Clifford - Panthers : 0 - Lightning : 1.
12:48 of 2nd period - Teuvo Teravainen wins face-off versus Brandon Sutter in neutral zone.
13:15 of 2nd period - Brayden Point is hit by Max Reinhart and loses puck.
14:48 of 2nd period - Snap shot by Jimmy Vesey.
14:48 of 2nd period - Goal by Jimmy Vesey - Panthers : 0 - Lightning : 2.
14:49 of 2nd period - Matt Duchene wins face-off versus Mark Scheifele in neutral zone.
15:00 of 2nd period - Wrist shot by Mark Scheifele.
15:00 of 2nd period - Shot Blocked by Oscar Klefbom.
15:02 of 2nd period - Wrist shot by Brent Seabrook.
15:02 of 2nd period - Shot Misses the Net.
15:04 of 2nd period - Slapshot by Justin Schultz.
15:04 of 2nd period - Stopped by Petr Mrazek with a rebound.
15:06 of 2nd period - Slapshot by Brent Seabrook.
15:06 of 2nd period - Shot Blocked by Erik Gudbranson.
15:22 of 2nd period - Minor Penalty to Joni Pitkanen for High sticking.
15:23 of 2nd period - Mark Scheifele wins face-off versus Matt Duchene in Lightning zone.
16:20 of 2nd period - Sergei Shirokov is hit by Alex Galchenyuk and loses puck.
17:19 of 2nd period - Teuvo Teravainen is hit by Conor Sheary and loses puck.
17:22 of 2nd period - Penalty to Joni Pitkanen is over, Joni Pitkanen is back on ice.
17:50 of 2nd period - Backhand shot by Drew Stafford.
17:50 of 2nd period - Stopped by Alex Nedeljkovic with a rebound.
18:00 of 2nd period - Joni Pitkanen is hit by Nail Yakupov and loses puck.
18:21 of 2nd period - Backhand shot by Conor Sheary.
18:21 of 2nd period - Stopped by Petr Mrazek without a rebound.
18:22 of 2nd period - Matt Duchene wins face-off versus Mark Scheifele in Panthers zone.
18:29 of 2nd period - Slapshot by Matt Duchene.
18:29 of 2nd period - Goal by Matt Duchene - Panthers : 1 - Lightning : 2.
18:30 of 2nd period - Matt Duchene wins face-off versus Nick Bjugstad in neutral zone.
18:43 of 2nd period - Kyle Clifford is hit by Oscar Klefbom and loses puck.
19:07 of 2nd period - Wrist shot by Ryan O'Reilly.
19:07 of 2nd period - Shot Misses the Net.
19:23 of 2nd period - Snap shot by Conor Sheary.
19:23 of 2nd period - Shot Misses the Net.
19:25 of 2nd period - Snap shot by Sergei Shirokov.
19:25 of 2nd period - Shot Misses the Net.
19:39 of 2nd period - Dalton Prout is hit by Jimmy Vesey and loses puck.
Goals for this period are 1 for Panthers vs 2 for Lightning.
Shots for this period are 11 for Panthers vs 10 for Lightning.

3rd period


0:01 of 3rd period - Matt Duchene wins face-off versus Mark Scheifele in neutral zone.
0:10 of 3rd period - Slapshot by Kevin Shattenkirk.
0:10 of 3rd period - Stopped by Petr Mrazek without a rebound.
0:11 of 3rd period - Kyle Clifford wins face-off versus Matt Duchene in Panthers zone.
0:12 of 3rd period - Wrist shot by Nick Bjugstad.
0:12 of 3rd period - Stopped by Petr Mrazek without a rebound.
0:13 of 3rd period - Matt Duchene wins face-off versus Mark Scheifele in Panthers zone.
0:42 of 3rd period - Snap shot by Brandon Sutter.
0:42 of 3rd period - Goal by Brandon Sutter - Panthers : 1 - Lightning : 3.
0:43 of 3rd period - Mark Scheifele wins face-off versus Matt Duchene in neutral zone.
0:46 of 3rd period - Slapshot by Shayne Gostisbehere.
0:46 of 3rd period - Shot Misses the Net.
1:16 of 3rd period - Off-side.
1:17 of 3rd period - Ryan O'Reilly wins face-off versus Brandon Sutter in neutral zone.
1:22 of 3rd period - Snap shot by Erik Gudbranson.
1:22 of 3rd period - Stopped by Alex Nedeljkovic without a rebound.
1:23 of 3rd period - Mark Scheifele wins face-off versus Ryan O'Reilly in Lightning zone.
1:28 of 3rd period - Snap shot by Mark Scheifele.
1:28 of 3rd period - Stopped by Petr Mrazek without a rebound.
1:29 of 3rd period - Nick Bjugstad wins face-off versus Matt Duchene in Panthers zone.
1:38 of 3rd period - Slapshot by Kyle Clifford.
1:38 of 3rd period - Stopped by Petr Mrazek with a rebound.
2:24 of 3rd period - Off-side.
2:25 of 3rd period - Nick Bjugstad wins face-off versus Max Reinhart in neutral zone.
3:51 of 3rd period - Snap shot by Jonathan Drouin.
3:51 of 3rd period - Shot Blocked by Justin Schultz.
3:53 of 3rd period - Slapshot by Josh Gorges.
3:53 of 3rd period - Shot Misses the Net.
3:55 of 3rd period - Slapshot by Jonathan Sigalet.
3:55 of 3rd period - Stopped by Alex Nedeljkovic without a rebound.
3:56 of 3rd period - Matt Duchene wins face-off versus Brandon Sutter in Lightning zone.
3:57 of 3rd period - Wrist shot by Alex Galchenyuk.
3:57 of 3rd period - Shot Misses the Net.
3:59 of 3rd period - Wrist shot by Tyler Toffoli.
3:59 of 3rd period - Shot Blocked by Shayne Gostisbehere.
4:01 of 3rd period - Slapshot by Jake Gardiner.
4:01 of 3rd period - Shot Misses the Net.
4:10 of 3rd period - Minor Penalty to Sergei Shirokov for Holding.
4:11 of 3rd period - Matt Duchene wins face-off versus Brandon Sutter in Lightning zone.
4:11 of 3rd period - Snap shot by Alex Galchenyuk.
4:11 of 3rd period - Deflect By Matt Duchene.
4:11 of 3rd period - Shot Misses the Net.
4:11 of 3rd period - Puck is out of play.
4:12 of 3rd period - Matt Duchene wins face-off versus Brandon Sutter in Lightning zone.
5:28 of 3rd period - Matt Duchene is hit by Conor Sheary and loses puck.
5:41 of 3rd period - Icing by Matt Duchene.
5:42 of 3rd period - Matt Duchene wins face-off versus Mark Scheifele in Panthers zone.
5:59 of 3rd period - Wrist shot by Teuvo Teravainen.
5:59 of 3rd period - Shot Blocked by Kevin Shattenkirk.
6:10 of 3rd period - Penalty to Sergei Shirokov is over, Sergei Shirokov is back on ice.
6:51 of 3rd period - Justin Schultz is hit by Drew Stafford and loses puck.
7:19 of 3rd period - Off-side.
7:20 of 3rd period - Tyler Toffoli wins face-off versus Brayden Point in neutral zone.
7:44 of 3rd period - Icing by Nikolaj Ehlers.
7:45 of 3rd period - Nick Bjugstad wins face-off versus Teuvo Teravainen in Lightning zone.
8:07 of 3rd period - Icing by Nick Bjugstad.
8:08 of 3rd period - Mark Scheifele wins face-off versus Matt Duchene in Lightning zone.
8:41 of 3rd period - Snap shot by Teuvo Teravainen.
8:41 of 3rd period - Stopped by Alex Nedeljkovic with a rebound.
8:43 of 3rd period - Wrist shot by Tobias Rieder.
8:43 of 3rd period - Shot Misses the Net.
8:59 of 3rd period - Slapshot by Joni Pitkanen.
8:59 of 3rd period - Deflect By Jonathan Drouin.
8:59 of 3rd period - Goal by Joni Pitkanen - Panthers : 1 - Lightning : 4.
9:00 of 3rd period - Matt Duchene wins face-off versus Brandon Sutter in neutral zone.
9:13 of 3rd period - Wrist shot by Tyler Toffoli.
9:13 of 3rd period - Shot Misses the Net.
9:50 of 3rd period - Snap shot by Sergei Shirokov.
9:50 of 3rd period - Stopped by Petr Mrazek with a rebound.
9:52 of 3rd period - Snap shot by Conor Sheary.
9:52 of 3rd period - Stopped by Petr Mrazek without a rebound.
9:53 of 3rd period - Mark Scheifele wins face-off versus Matt Duchene in Panthers zone.
10:03 of 3rd period - Minor Penalty to Matt Duchene for Slashing.
10:04 of 3rd period - Max Reinhart wins face-off versus Mark Scheifele in Panthers zone.
11:04 of 3rd period - Brayden Point is hit by Josh Gorges and loses puck.
11:59 of 3rd period - Ryan O'Reilly is hit by Kyle Clifford and loses puck.
12:03 of 3rd period - Penalty to Matt Duchene is over, Matt Duchene is back on ice.
12:29 of 3rd period - Erik Gudbranson is hit by Justin Schultz and loses puck.
12:40 of 3rd period - Kevin Shattenkirk is hit by Oscar Klefbom.
13:37 of 3rd period - Minor Penalty to Jonathan Sigalet for Slashing.
13:38 of 3rd period - Mark Scheifele wins face-off versus Max Reinhart in Panthers zone.
14:07 of 3rd period - Snap shot by Justin Schultz.
14:07 of 3rd period - Stopped by Petr Mrazek without a rebound.
14:08 of 3rd period - Max Reinhart wins face-off versus Brayden Point in Panthers zone.
14:23 of 3rd period - Slapshot by Justin Schultz.
14:23 of 3rd period - Stopped by Petr Mrazek without a rebound.
14:24 of 3rd period - Nick Bjugstad wins face-off versus Max Reinhart in Panthers zone.
14:25 of 3rd period - Snap shot by Kyle Clifford.
14:25 of 3rd period - Shot Blocked by Erik Gudbranson.
14:27 of 3rd period - Snap shot by Kyle Clifford.
14:27 of 3rd period - Shot Misses the Net.
14:37 of 3rd period - Snap shot by Mark Scheifele.
14:37 of 3rd period - Deflect By Kyle Clifford.
14:37 of 3rd period - Shot Blocked by Jake Gardiner.
14:37 of 3rd period - Puck is out of play.
14:38 of 3rd period - Mark Scheifele wins face-off versus Max Reinhart in Panthers zone.
14:55 of 3rd period - Slapshot by Mark Scheifele.
14:55 of 3rd period - Deflect By Max Reinhart.
14:55 of 3rd period - Shot Blocked by Drew Stafford.
14:55 of 3rd period - Puck is out of play.
14:56 of 3rd period - Max Reinhart wins face-off versus Jimmy Vesey in Panthers zone.
14:56 of 3rd period - Max Reinhart is hit by Shayne Gostisbehere.
15:17 of 3rd period - Minor Penalty to Dany Heatley for Hooking.
15:18 of 3rd period - Mark Scheifele wins face-off versus Max Reinhart in Panthers zone.
15:34 of 3rd period - Icing by Kevin Shattenkirk.
15:35 of 3rd period - Brayden Point wins face-off versus Max Reinhart in Lightning zone.
15:37 of 3rd period - Penalty to Jonathan Sigalet is over, Jonathan Sigalet is back on ice.
15:44 of 3rd period - Slapshot by Kevin Shattenkirk.
15:44 of 3rd period - Stopped by Petr Mrazek with a rebound.
17:17 of 3rd period - Penalty to Dany Heatley is over, Dany Heatley is back on ice.
17:45 of 3rd period - Wrist shot by Ondrej Palat.
17:45 of 3rd period - Goal by Ondrej Palat - Panthers : 1 - Lightning : 5.
17:46 of 3rd period - Matt Duchene wins face-off versus Mark Scheifele in neutral zone.
18:13 of 3rd period - Conor Sheary is hit by Ryan O'Reilly and loses puck.
19:11 of 3rd period - Wrist shot by Nikolaj Ehlers.
19:11 of 3rd period - Shot Misses the Net.
19:13 of 3rd period - Wrist shot by Nikolaj Ehlers.
19:13 of 3rd period - Shot Blocked by Jonathan Sigalet.
19:29 of 3rd period - Snap shot by Jimmy Vesey.
19:29 of 3rd period - Shot Blocked by Jonathan Sigalet.
19:31 of 3rd period - Snap shot by Brayden Point.
19:31 of 3rd period - Deflect By Jimmy Vesey.
19:31 of 3rd period - Deflect By Drew Stafford.
19:31 of 3rd period - Stopped by Petr Mrazek without a rebound.
19:32 of 3rd period - Matt Duchene wins face-off versus Kyle Clifford in Panthers zone.
19:34 of 3rd period - Minor Penalty to Erik Gudbranson for Hooking.
19:35 of 3rd period - Max Reinhart wins face-off versus Mark Scheifele in Panthers zone.
Goals for this period are 0 for Panthers vs 3 for Lightning.
Shots for this period are 3 for Panthers vs 13 for Lightning.